 Dungeon Crawl Stone Soup version 0.32-a0-981-g384da2ce10 (webtiles) character file.

Game seed: 6781346042400701423

16 senseless the Slasher (level 2, -1/24 HPs)
             Began as a Coglin Berserker on Apr 20, 2024.
             Was a Follower of Trog.
             Slain by a kobold
             ... wielding a +1 dagger of venom
              (4 damage)
             ... on level 1 of the Dungeon.
             The game lasted 00:00:32 (281 turns).

senseless the Slasher (Coglin Berserker)             Turns: 281, Time: 00:00:32

Health: -1/24      AC:  2    Str: 17    XL:     2   Next: 58%
Magic:  2/2        EV: 11    Int:  6    God:    Trog [*.....]
Gold:   17         SH:  0    Dex: 13    Spells: 1/1 levels left

rFire   . . .        a - +0 falchion {Kateb}
rCold   . . .        c - +0 dagger {Nakurtum}
rNeg    . . .        b - +0 animal skin
rPois   .            (no helmet)
rElec   .            (no cloak)
rCorr   .            (no gloves)
SInv    .            (no boots)
Will    .....        (amulet unavailable)
Stlth   +            (ring unavailable)
HPRegen 0.24/turn    (ring unavailable)
MPRegen 0.08/turn    (no gizmo)

%: no passive effects
@: lethally poisoned (-1 -> -7), revved
A: off-hand wielding, slow wielding, warmup strikes, no jewellery
a: Invent Gizmo, Renounce Religion, Berserk


You were on level 1 of the Dungeon.
You worshipped Trog.
Trog was aware of your devotion.
You visited 1 branch of the dungeon, and saw 1 of its levels.

You collected 17 gold pieces.

Inventory:

Hand Weapons
 a - a +0 falchion (weapon) {Kateb}
 c - a +0 dagger (offhand) {Nakurtum}
Armour
 b - a +0 animal skin (worn)
Potions
 d - a potion of degeneration {unknown}


   Skills:
 + Level 3.3 Fighting
 + Level 3.3 Long Blades
 - Level 1.7 Armour
 + Level 2.1 Dodging


You had one spell level left.
You didn't know any spells.
Your spell library was empty.

Dungeon Overview and Level Annotations

Branches:
Dungeon (1/15)

Altars:


Innate Abilities, Weirdness & Mutations

You can wield a second weapon in your off-hand.
It takes a long time for you to wield or remove held weapons.
Your first few attacks do less damage.
You cannot equip rings or amulets.


Message History

You are too injured to fight recklessly!
You are too injured to fight recklessly!
You are too injured to fight recklessly!
You are too injured to fight recklessly!
You are too injured to fight recklessly!
You are too injured to fight recklessly!
You are too injured to fight recklessly!
You are too injured to fight recklessly!
You are too injured to fight recklessly!
You closely miss the kobold with your +0 dagger.
You hit the kobold with your +0 falchion.
The endoplasm completely misses you. The kobold hits you with a +0 whip.
* * * LOW HITPOINT WARNING * * *
You hit the kobold but do no damage.
The kobold is moderately wounded.
You hit the kobold with your +0 falchion.
The endoplasm closely misses you. The kobold closely misses you.
The endoplasm hits you.
* * * LOW HITPOINT WARNING * * *
The kobold attacks as it pursues you! The kobold barely misses you.
You slash the kobold with your +0 falchion!
You kill the kobold!
Trog accepts your kill.
You hit the endoplasm but do no damage.
You hit the endoplasm with your +0 falchion.
The endoplasm closely misses you.
You hit the endoplasm with your +0 dagger.
You kill the endoplasm!
Trog accepts your kill.
You completely miss the kobold with your +0 dagger.
You closely miss the kobold with your +0 falchion.
The kobold hits you with a +1 dagger of venom.
* * * LOW HITPOINT WARNING * * *
You are lethally poisoned!
You barely miss the kobold with your +0 falchion.
You hit the kobold but do no damage.
* * * LOW HITPOINT WARNING * * *
You feel sick.
The kobold hits you with a +1 dagger of venom.
You die...

#.#...........## ##.#..##.
#......................... .
#.#...........##.##..#...#..
#.####......## #.......!....
..# #....#.# #....)..... ###
#....#.# #.#...#..##.#
#....#.####.#.).......#
#.#.........#.#....#
#......###.@K......#
###.....##.####.##.....
#######.##.##.# #... ....
###.....#......†# #.### #..
........#.......# #.. .
###..........##.# ###
.##......######†# .##......#
####.######## .#######.#
#..._......>#


You could see a kobold.

Vanquished Creatures
  2 ball pythons (D:1)
  3 endoplasms (D:1)
  2 hobgoblins (D:1)
  2 kobolds (D:1)
  A quokka (D:1)
  4 frilled lizards (D:1)
  A rat (D:1)
15 creatures vanquished.

Notes
Turn   | Place    | Note
-------+----------+-------------------------------------------
     0 | D:1      | senseless the Coglin Berserker began the quest for the Orb.
     0 | D:1      | Reached XP level 1. HP: 18/18 MP: 1/1
    98 | D:1      | Reached XP level 2. HP: 24/24 MP: 2/2
   117 | D:1      | Found a faded altar of an unknown god.
   281 | D:1      | Slain by a kobold

Illustrated notes

Levels and vault maps discovered:
D:1:      minmay_arrival_nine_rooms, layout_loops_cross, basic_ecumenical_altar,
          minmay_pentomino_u2

Skill      XL: |  1 |
---------------+----+-----
Dodging        | 2 |  2.1
Fighting       | |  3.3
Long Blades    | |  3.3
Armour         | |  1.7

Action                     || total
---------------------------++-------
  Melee: Falchion          ||    28
         Dagger            ||    25
   Stab: Sleeping          ||     2
 Armour: Animal skin       ||    15
  Dodge: Dodged            ||    20

Table legend: (Time is in decaauts)
 A = Elapsed time spent in this place.
 B = Non-inter-level travel time spent in this place.
 C = Inter-level travel time spent in this place.
 D = Time resting spent in this place.
 E = Time spent auto-exploring this place.
 F = Levels seen in this place.
 G = Mean time per level.
                   A        B        C        D        E       F      G
               +--------+--------+--------+--------+--------+-----+--------+
         Total |    282 |    282 |      0 |      0 |    200 |   1 |  282.0 |
       Dungeon |    282 |    282 |      0 |      0 |    200 |   1 |  282.0 |
               +--------+--------+--------+--------+--------+-----+--------+

Top non-repeatable levels by time:
     D:1: 282 daAuts
